AoeStats
← KiTaRo

Arabia

506565210Analyzed
1v1 RM · 19d ago on Sep 14, 2026· 19m 17s· 2 players
Game mode
Random Map
Map size
Tiny (2 player)
Population
200
Speed
Normal
Resources
Standard
Victory
Conquest
Starting age
Dark Age
Ending age
Imperial Age
RankedLock teamsTeams togetherTeam positionsShared explorationLock speedFull tech treeHidden civsTurbo modeCheats
Victory
Defeat
🇺🇸 Spanish · United States
834
+15
🇧🇷 Britons · Brazil
820
-39
KiTaRo
0:30 Loom
10:07 Feudal Age
13:08 Wheelbarrow
Error_ID#10T
11:45 Feudal Age
13:04 Double-Bit Axe
17:39 Castle Age
15:36 Horse Collar
17:42 Stone Mining
18:37 Padded Archer Armor
18:28 Fletching
Connection lost

Rejoining the realm…

Still unreachable

The connection could not be restored.

Session expired

The server has moved on; the page needs a fresh start.